 Dungeon Crawl Stone Soup version 0.28.0 (webtiles) character file.

Game seed: 1123669144869394089

198 Dani the Chopper (level 5, -2/32 HPs)
             Began as a Gargoyle Fighter on Feb 20, 2022.
             Slain by an ogre (17 damage)
             ... on level 4 of the Dungeon.
             The game lasted 00:03:45 (1193 turns).

Dani the Chopper (Gargoyle Fighter)                 Turns: 1193, Time: 00:03:46

Health: -2/32      AC: 10    Str: 21    XL:     5   Next: 77%
Magic:  5/5        EV:  9    Int:  9    God:
Gold:   42         SH:  4    Dex:  9    Spells: 4/4 levels left

rFire   . . .      SeeInvis .   a - +0 war axe (drain)
rCold   . . .      Faith    .   c - +0 buckler
rNeg    + . .      Spirit   .   b - +0 scale mail
rPois   ∞          Reflect  .   (no helmet)
rElec   +          Harm     .   (no cloak)
rCorr   .          Rampage  .   (no gloves)
Will    .....                   (no boots)
Stlth   ..........              (no amulet)
HPRegen 0.10/turn               (no ring)
MPRegen 0.09/turn               (no ring)

@: no status effects
A: sickness immunity, AC +4, negative energy resistance 1, electricity
resistance, torment resistance 1, petrification resistance
a: no special abilities


You were on level 4 of the Dungeon.
You visited 1 branch of the dungeon, and saw 4 of its levels.

You collected 42 gold pieces.

Inventory:

Hand Weapons
 a - a +0 war axe of draining (weapon)
 i - a +1 war axe of flaming
   (You took it off an orc on level 4 of the Dungeon)
Missiles
 g - 2 poisoned darts (quivered)
Armour
 b - a +0 scale mail (worn)
 c - a +0 buckler (worn)
Scrolls
 R - a scroll of identify {@r1}
 T - a scroll of teleportation
Potions
 d - a potion of might
 e - a potion of brilliance {unknown}
 f - 2 potions of curing {unknown}
 h - a potion of cancellation {unknown}
 j - 2 potions of berserk rage {unknown}
 k - a potion of heal wounds {unknown}


   Skills:
 - Level 3.2 Fighting
 + Level 5.3 Axes
 - Level 3.2 Armour
 - Level 3.2 Shields


You had 4 spell levels left.
You didn't know any spells.
Your spell library contained the following spells:

 Spells                   Type           Power      Damage    Failure   Level
 Corpse Rot               Necr/Air       0%         N/A       91%         2
 Spider Form              Tmut/Pois      0%         N/A       99%         3
 Eringya's Noxious Bog    Tmut/Pois      0%         N/A       100%        6
 Necromutation            Tmut/Necr      0%         N/A       100%        8


Dungeon Overview and Level Annotations

Branches:
Dungeon (4/15)
 Temple: D:4-7

Altars:
Uskayaw


Innate Abilities, Weirdness & Mutations

You are immune to sickness and miasma.
Your stone body is resilient. (AC +4)
You are immune to poison.
You resist negative energy. (rN+)
You are resistant to electric shocks. (rElec)
You are resistant to unholy torment.
You are immune to petrification.


Message History

You add the spells Corpse Rot, Spider Form, Eringya's Noxious Bog and Necromutation to your library.
A dart slug comes into view.
A dart slug is nearby!
The dart slug closely misses you.
You hit the dart slug. You drain the dart slug.
The dart slug is moderately wounded.
The dart slug closely misses you.
You hit the dart slug but do no damage. You drain the dart slug.
The dart slug is severely wounded.
The dart slug bites you but does no damage.
You hit the dart slug.
You kill the dart slug!
No target in view!
No target in view!
Key pressed, stopping explore.
No target in view!
Key pressed, stopping explore.
No target in view!
A quokka comes into view.
A quokka is nearby!
A quokka is nearby!
The quokka closely misses you.
You hit the quokka. You drain the quokka.
The quokka is almost dead.
The quokka barely misses you. The quokka misses you.
A quokka is nearby!
You hit the quokka.
You kill the quokka!
No target in view!
No target in view!
Key pressed, stopping explore.
No target in view!
Key pressed, stopping explore.
No target in view!
No target in view!
An ogre comes into view. It is wielding a +0 giant club.
The ogre shouts!
You slash the ogre! You drain the ogre.
The ogre is severely wounded.
The ogre hits you with a +0 giant club!
* * * LOW HITPOINT WARNING * * *
An ogre is nearby!
You hit the ogre. You drain the ogre.
The ogre is almost dead.
The ogre barely misses you.
You hit the ogre but do no damage. You drain the ogre.
You kill the ogre!
Your Axes skill increases to level 5!
You have reached level 5!
HP restored.
You see here a +0 giant club.
Key pressed, stopping explore.
Found an escape hatch in the ceiling.
A goblin comes into view. It is wielding a +0 dagger.
The goblin shouts!
A goblin is nearby!
A hobgoblin comes into view.
There are monsters nearby!
You barely miss the goblin.
The goblin hits you but does no damage. x2
You closely miss the goblin. The goblin hits you but does no damage.
You barely miss the goblin. You barely miss the hobgoblin.
You barely miss the goblin. The goblin hits you but does no damage.
The hobgoblin barely misses you. The goblin barely misses you.
You block the hobgoblin's attack.
There are monsters nearby!
You hit the hobgoblin.
The hobgoblin is severely wounded.
You closely miss the goblin. The goblin hits you with a +0 dagger.
The hobgoblin hits you but does no damage.
There are monsters nearby!
You slash the hobgoblin!
You kill the hobgoblin!
You hit the goblin.
You kill the goblin!
Key pressed, stopping explore.
No target in view!
No target in view!
There is an escape hatch in the ceiling here.
Key pressed, stopping explore.
No target in view!
Key pressed, stopping explore.
No target in view!
Key pressed, stopping explore.
No target in view!
Key pressed, stopping explore.
No target in view!
No target in view!
Key pressed, stopping explore.
No target in view!
An ogre comes into view. It is wielding a +0 giant club.
An ogre is nearby!
An ogre is nearby!
The ogre hits you with a +0 giant club!
Ouch! That really hurt!
* * * LOW HITPOINT WARNING * * *
You slash the ogre! You drain the ogre.
The ogre is heavily wounded.
The ogre hits you with a +0 giant club!
Ouch! That really hurt!
You die...

#.# #.# ..# #.# #.. #.#####.#
#.## #.# ### ###=##....###.
#.# ..............#### #.#
.##.##.##........# #.#
....##.# ........# ###.###
..####.# ........## #.....#
..##...# ....$....######.....#
..##.###.......O@............#
......>..........#######.....#
#................# #.<...#
#..#.###.#.####### ######.#.#
...#.# # #......)..#### g....#
#.#####....... #.#g....
#..#.... #.##.### #..#.### #.#
.# #..#.#


You could see an ogre (drained).

Vanquished Creatures
  An ogre (D:4)
  An iguana (D:4)
  2 gnolls (D:4)
  2 adders (D:2)
  3 dart slugs
  4 orcs
  3 ball pythons
  An endoplasm (D:2)
  A giant cockroach (D:2)
  6 goblins
  5 hobgoblins
  4 quokkas
  2 frilled lizards (D:1)
  3 kobolds
  A rat (D:2)
39 creatures vanquished.

Notes
Turn   | Place    | Note
-------+----------+-------------------------------------------
     0 | D:1      | Dani the Gargoyle Fighter began the quest for the Orb.
     0 | D:1      | Reached XP level 1. HP: 14/14 MP: 1/1
   103 | D:2      | Reached skill level 2 in Axes
   108 | D:2      | Reached XP level 2. HP: 12/19 MP: 2/2
   258 | D:2      | Reached skill level 3 in Axes
   258 | D:2      | Reached XP level 3. HP: 23/23 MP: 3/3
   376 | D:3      | Identified the +2 robe of Inference {Rampage rPois rF+
                  | rCorr Int-5}
   401 | D:4      | HP: 3/23 [orc (4)]
   729 | D:4      | Reached XP level 4. HP: 28/28 MP: 4/4
   735 | D:4      | Reached skill level 4 in Axes
   924 | D:4      | Found a hide-covered altar of Uskayaw.
   958 | D:4      | Got Sif Muna's Reference Book on Vitriolic Evil
  1001 | D:4      | Noticed an ogre
  1004 | D:4      | Killed an ogre
  1005 | D:4      | Reached skill level 5 in Axes
  1005 | D:4      | Reached XP level 5. HP: 18/32 MP: 5/5
  1189 | D:4      | Noticed an ogre
  1193 | D:4      | Slain by an ogre

Illustrated notes

Levels and vault maps discovered:
D:1:      beargit_arrival_diablo_church, layout_basic, serial_shops,
          nicolae_shop_statue_plus
D:2:      minmay_spotlight, layout_basic
D:3:      layout_rooms, mainiacjoe_overflow_alcove_4, nicolae_underground_beach,
          uniq_grinder
D:4:      layout_loops_ring, mainiacjoe_overflow_catwalk

Skill      XL: |  1  2  3  4 |
---------------+-------------+-----
Axes           | 2 3 5 |  5.3
Fighting       | |  3.2
Armour         | |  3.2
Shields        | |  3.2

Action                   |  1- 3 |  4- 6 || total
-------------------------+-------+-------++-------
Melee: War axe           |    74 |    27 ||   101
  Use: Scroll            |     4 |       ||     4
Armor: Scale mail        |    48 |     9 ||    57
Dodge: Dodged            |    31 |    12 ||    43
Block: Buckler           |    16 |     6 ||    22

Table legend: (Time is in decaauts)
 A = Elapsed time spent in this place.
 B = Non-inter-level travel time spent in this place.
 C = Inter-level travel time spent in this place.
 D = Time resting spent in this place.
 E = Time spent auto-exploring this place.
 F = Levels seen in this place.
 G = Mean time per level.
                   A        B        C        D        E       F      G
               +--------+--------+--------+--------+--------+-----+--------+
         Total |   1228 |   1228 |      0 |    351 |    415 |   4 |  307.0 |
       Dungeon |   1228 |   1228 |      0 |    351 |    415 |   4 |  307.0 |
               +--------+--------+--------+--------+--------+-----+--------+

Top non-repeatable levels by time:
     D:4: 820 daAuts
     D:2: 280 daAuts
     D:1: 99 daAuts
     D:3: 28 daAuts

Table legend:
 A = Kills in this place as a percentage of kills in entire the game.
 B = Kills by you in this place as a percentage of kills by you in the entire game.
 C = Kills by friends in this place as a percentage of kills by friends in the entire game.
 D = Other kills in this place as a percentage of other kills in the entire game.
 E = Experience gained in this place as a percentage of experience gained in the entire game.
 F = Experience gained in this place divided by the number of levels of this place that you have seen.
                   A       B       C       D       E      F
               +-------+-------+-------+-------+-------+----------------------
         Total | 100.0 | 100.0 |   N/A |   N/A | 100.0 |  71.0
       Dungeon | 100.0 | 100.0 |   N/A |   N/A | 100.0 |  71.0
               +-------+-------+-------+-------+-------+----------------------
